[Event "*** Titled Tuesday Blitz"]
[Site "Chess.com"]
[Date "2021.02.02"]
[Round "3"]
[White "salomez"]
[Black "zacachess"]
[Result "0-1"]
[WhiteElo "2213"]
[BlackElo "2415"]
[TimeControl "180+1"]
[EndTime "10:31:04 PST"]
[Termination "zacachess won on time"]

1. e4 c5 2. Nf3 d6 3. d4 cxd4 4. Nxd4 Nf6 5. Nc3 a6 6. Bc4 e6 7. Bb3 Nbd7 8. f4 Nc5 9. e5 Nfd7 10. exd6 Nf6 11. Be3 Bxd6 12. Qe2 Qc7 13. O-O O-O 14. Rad1 Bd7 15. Bc1 Rad8 16. Kh1 b5 17. g3 Bc8 18.
h3 b4 19. Na4 Bb7+ 20. Kh2 Nxb3 21. axb3 Rfe8 22. Nf3 Nd7 23. Rfe1 e5 24. fxe5 Nxe5 25. Nxe5 Rxe5 26. Qf2 Rxe1 27. Rxe1 h5 28. Bf4 Qc6 29. Bxd6 Rxd6 30. c4 Rf6 0-1

[Event "*** Titled Tuesday Blitz"]
[Site "Chess.com"]
[Date "2021.02.02"]
[Round "3"]
[White "CHENNAIBOND"]
[Black "MariaFominykh"]
[Result "0-1"]
[WhiteElo "1705"]
[BlackElo "2285"]
[TimeControl "180+1"]
[EndTime "10:31:05 PST"]
[Termination "MariaFominykh won on time"]

1. e4 d6 2. d4 Nf6 3. Nc3 Nbd7 4. Bd3 e5 5. Nge2 c6 6. O-O Be7 7. h3 O-O 8. Be3 b5 9. a3 a6 10. Qd2 Re8 11. Ng3 exd4 12. Bxd4 c5 13. Be3 Bf8 14. f4 Bb7 15. Nd5 Nxd5 16. exd5 Bxd5 17. Rae1 Nf6 18. f5 h6 19. Qf2 Qd7 20. c3 Re5 21. Bf4 Rxe1 22. Rxe1 Re8 23. Bc2 Bc6 24. Kh2 d5 25. Be5 Ne4 26. Bxe4 dxe4 27. Qf4 Qd5 28. Rxe4 f6 0-1

[Event "*** Titled Tuesday Blitz"]
[Site "Chess.com"]
[Date "2021.02.02"]
[Round "3"]
[White "Bastiandash"]
[Black "milenapn"]
[Result "1-0"]
[WhiteElo "2475"]
[BlackElo "2020"]
[TimeControl "180+1"]
[EndTime "10:31:06 PST"]
[Termination "Bastiandash won on time"]

1. e4 e5 2. Nf3 Nc6 3. Nc3 Nf6 4. Bc4 Bc5 5. d3 d6 6. a3 h6 7. h3 Ne7 8. b4 Bb6 9. Na4 Ng6 10. Nxb6 axb6 11.
O-O O-O 12. Nh2 Nf4 13. Bxf4 exf4 14. Qf3 g5 15. d4 Nh7 16. Rfe1 Kh8 17. g3 fxg3 18.
fxg3 f5 19. Bd3 Qf6 20. e5 dxe5 21. Rxe5 f4 22. g4 Be6 23. Rae1 Bg8 24. Bf5 Rad8 25. c3 Ra8 26. Ra1 Ra7 27. a4 Rfa8 28. Bc2 Kg7 29.
Rae1 Kh8 30. Qe4 c5 31. Re7 Qxe7 32. Qxe7 cxb4 33. cxb4 Rc8 34. Qe5+ 1-0

[Event "*** Titled Tuesday Blitz"]
[Site "Chess.com"]
[Date "2021.02.02"]
[Round "3"]
[White "JiiHart"]
[Black "queen_iryna"]
[Result "1-0"]
[WhiteElo "2113"]
[BlackElo "2319"]
[TimeControl "180+1"]
[EndTime "10:31:06 PST"]
[Termination "JiiHart won by resignation"]

1. e4 d6 2. d4 Nf6 3. Nc3 e5 4. Nf3 Nbd7 5. Bc4 Be7 6. dxe5 dxe5 7.
Bxf7+ Kxf7 8. Ng5+ Kg8 9. Ne6 Qe8 10. Nxc7 Qg6 11. Nxa8 Qxg2 12. Rf1 Nc5 13. f3 Ng4 14. Qe2 Bh4+ 15. Kd1 Nf2+ 16. Rxf2 Bxf2 17. Be3 Qg1+ 18. Kd2 Bxe3+ 19. Qxe3 Qxh2+ 20. Qe2 Qxe2+ 21. Kxe2 h5 22. Rd1 h4 23. Rd8+ Kh7 24. Rxh8+ Kxh8 25. Nc7 h3 26.
Kf2 Ne6 27. Nxe6 Bxe6 28. Nd5 Kg8 29. Kg3 Kf7 30. c4 b6 31. b3 Bxd5 32. cxd5 Ke7 33.
Kxh3 Kd6 34. Kg4 a6 35. Kf5 b5 36. b4 a5 37. bxa5 b4 38. a6 Kc7 39. Kxe5 Kb6 40.
d6 Kxa6 41. d7 1-0

[Event "*** Titled Tuesday Blitz"]
[Site "Chess.com"]
[Date "2021.02.02"]
[Round "3"]
[White "SlavenPastar"]
[Black "igorkovalenko"]
[Result "0-1"]
[WhiteElo "2633"]
[BlackElo "2872"]
[TimeControl "180+1"]
[EndTime "10:31:08 PST"]
[Termination "igorkovalenko won on time"]

1. d4 Nf6 2. Nf3 g6 3. c4 Bg7 4.
Nc3 d6 5. Bg5 Nbd7 6. e3 b6 7.
Be2 Bb7 8. O-O O-O 9. h3 h6 10. Bh4 Ne4 11. Nxe4 Bxe4 12. Nd2 Bb7 13. Rc1 c5 14.
Bf3 Bxf3 15. Nxf3 g5 16. Bg3 f5 17. dxc5 bxc5 18. Qd5+ Rf7 19. b3 Nb6 20. Qe6 Qc8 21.
Qg6 Rf6 22. Qh5 Qe8 23. Qxe8+ Rxe8 24. h4 Rg6 25. Rfd1 Bf6 26. Rd2 a5 27. Rcd1 Kf7 28.
h5 Rgg8 29. Ne1 Ra8 30. f3 Nd7 31. e4 f4 32. Bf2 Nb8 33. Nc2 Nc6 34. Na3 a4 35.
Nb5 axb3 36. axb3 Be5 37. Kf1 g4 38. Ke2 g3 39. Be1 Rg5 40. Rd5 Rxh5 41. Bc3 Ra2+ 42. R1d2 Rh2 43. Kf1 Rh1+ 44. Ke2 Rg1 45. Kd3 Rxg2 0-1

[Event "*** Titled Tuesday Blitz"]
[Site "Chess.com"]
[Date "2021.02.02"]
[Round "3"]
[White "Misticpikachu"]
[Black "MatyChess1"]
[Result "0-1"]
[WhiteElo "2398"]
[BlackElo "2589"]
[TimeControl "180+1"]
[EndTime "10:31:08 PST"]
[Termination "MatyChess1 won on time"]

1. c4 e5 2. Nc3 Nc6 3. Nf3 Nf6 4. e4 Bb4 5. d3 d6 6. a3 Bc5 7. b4 Bb6 8. Na4 Bg4 9. Nxb6 axb6 10. Be3 Bxf3 11.
gxf3 Nh5 12. Qd2 h6 13. Be2 Qh4 14. Rg1 Qf6 15. Kd1 Nf4 16. Kc2 g5 17. Rg4 Ne6 18. h4 gxh4 19. Kb2 h5 20. Rg2 Ncd4 21. Rag1 Nf4 22. Bxf4 Qxf4 23. Qxf4 exf4 24. Rg8+ Ke7 25. Rxh8 Rxh8 26. Bd1 Kf6 27. Kc3 c5 28. Rh1 Ra8 29. Kb2 Rg8 30. Rxh4 Rg2 31. Rxf4+ Ke6 32. a4 cxb4 0-1

[Event "*** Titled Tuesday Blitz"]
[Site "Chess.com"]
[Date "2021.02.02"]
[Round "3"]
[White "DanielTitichoca"]
[Black "mr65"]
[Result "1-0"]
[WhiteElo "2350"]
[BlackElo "2141"]
[TimeControl "180+1"]
[EndTime "10:31:08 PST"]
[Termination "DanielTitichoca won on time"]

1. e4 e5 2. Nf3 Nc6 3. Bc4 Nf6 4. O-O Bc5 5. d3 h6 6. c3 O-O 7. Nbd2 d5 8. exd5 Nxd5 9. Ne4 Bb6 10. b4 a6 11. Qd2 Kh8 12. Nc5 Bxc5 13. bxc5 Be6 14.
Re1 f6 15. d4 Na5 16. Bd3 Nf4 17. Bb1 Bd5 18. Qc2 e4 19. Bxf4 Kg8 20. Rxe4 f5 21. Re3 g5 22. Be5 Nc4 23. a4 Nxe3 24. fxe3 Be4 25.
Qb3+ Kh7 26. Bxe4 fxe4 27. Nd2 Qd7 28. Qxb7 Qf5 29. Qxe4 Qxe4 30. Nxe4 Rab8 31. Rf1 Rxf1+ 32. Kxf1 Rb1+ 33. Kf2 c6 34. Kf3 Ra1 35. c4 Rxa4 36.
d5 g4+ 37. Ke2 cxd5 38. Nf6+ Kg6 39. cxd5 Kf5 40. d6 Kxe5 41. d7 Ra2+ 42. Kd1 Ra1+ 43. Kc2 Ra2+ 44. Kc1 Ra1+ 45. Kb2 Rd1 46. c6 Kxf6 47.
c7 Rxd7 48. c8=Q Re7 49. Qc3+ Kg5 50. Qd4 a5 51. Qc5+ Kh4 52. Qxe7+ Kh5 53. Qe5+ 1-0

[Event "*** Titled Tuesday Blitz"]
[Site "Chess.com"]
[Date "2021.02.02"]
[Round "3"]
[White "BabyBoss31"]
[Black "starplatinum2030"]
[Result "1-0"]
[WhiteElo "2314"]
[BlackElo "2035"]
[TimeControl "180+1"]
[EndTime "10:31:08 PST"]
[Termination "BabyBoss31 won on time"]

1. d4 d5 2. Bf4 c5 3. e3 Nf6 4.
dxc5 Nc6 5. Bb5 e6 6. b4 a5 7. c3 Bd7 8. Qb3 b6 9. Bxc6 Bxc6 10. b5 a4 11. Qb2 Bxc5 12. bxc6 Qe7 13. Nf3 Nh5 14. O-O O-O 15. Nbd2 Nxf4 16. exf4 Qf6 17. Ne5 Qxf4 18. Ndf3 Rfc8 19. Rab1 f6 20. Nd3 Qg4 21. Nxc5 bxc5 22. Qb7 Qf4 23. Qd7 Qc7 24. Qxe6+ Kh8 25.
Qxd5 Qxc6 26. Qc4 Re8 27. Rb5 Red8 28. Rxc5 Qb7 29. Rc7 Qb2 30. Qf7 Rg8 31. Nh4 Raf8 32. Qh5 h6 33. Ng6+ Kh7 34. Nxf8+ Rxf8 35. Qg4 Rg8 36. Qxa4 Qc2 37. Qxc2+ 1-0

[Event "*** Titled Tuesday Blitz"]
[Site "Chess.com"]
[Date "2021.02.02"]
[Round "3"]
[White "Lion-Al-Messi"]
[Black "AlexeiShirov"]
[Result "0-1"]
[WhiteElo "2566"]
[BlackElo "2829"]
[TimeControl "180+1"]
[EndTime "10:31:09 PST"]
[Termination "AlexeiShirov won by resignation"]

1. d4 d5 2. Nf3 Nf6 3. Nc3 c6 4. Bg5 Nbd7 5. e3 h6 6. Bf4 g5 7. Bg3 Nh5 8. Bd3 Nxg3 9. hxg3 Bg7 10. Qe2 e5 11. dxe5 Nxe5 12. Nxe5 Bxe5 13. f4 Bxc3+ 14.
bxc3 Qf6 15. O-O Be6 16. e4 dxe4 17. Qxe4 O-O-O 18. Rab1 Qxc3 19. f5 Bd5 20. Qa4 Qc5+ 21. Kh2 h5 22. Ba6 bxa6 23. Qxa6+ Kd7 24. Qb7+ Kd6 25.
Rfe1 Rhe8 26. c4 Rb8 27. Qa6 Rxb1 28. Rxb1 Qxc4 29. Qa3+ Qc5 30. Qb2 h4 31. Qf6+ Kc7 32. Qxg5 Qd6 33. Qxh4 Qe5 34. Kg1 Rh8 35. Qf4 Qxf4 36.
gxf4 Rg8 37. Rb2 Rg4 38. Rf2 c5 39. Kh2 c4 40. Kh3 Rxg2 41. Rxg2 Bxg2+ 42. Kxg2 c3 43. Kf2 0-1

[Event "*** Titled Tuesday Blitz"]
[Site "Chess.com"]
[Date "2021.02.02"]
[Round "3"]
[White "szefru"]
[Black "anasta10"]
[Result "0-1"]
[WhiteElo "2214"]
[BlackElo "2493"]
[TimeControl "180+1"]
[EndTime "10:31:09 PST"]
[Termination "anasta10 won by resignation"]

1. e4 e6 2. d4 d5 3. Nd2 c5 4.
exd5 exd5 5. Bb5+ Nc6 6. Ngf3 Qe7+ 7. Qe2 Qxe2+ 8. Bxe2 Nf6 9. O-O Bf5 10. c3 Bd6 11.
dxc5 Bxc5 12. Nb3 Bb6 13. Bg5 Ne4 14. Bh4 f6 15. Rad1 Be6 16. Nfd4 Bf7 17. Bf3 g5 18. Bg3 Nxg3 19. hxg3 Ne5 20. Rfe1 O-O-O 21. Nf5 Rhe8 22. Nbd4 a6 23. Nh6 Bg6 24. Bg4+ Kb8 25. Bf5 Bxd4 26.
cxd4 Nc6 27. Bxg6 hxg6 28. Ng4 f5 29. Rxe8 Rxe8 30. Nf6 Rd8 31. Kf1 Rd6 32. Nh7 g4 33. Ng5 Kc7 34. f3 gxf3 35. gxf3 Rd7 36. Ne6+ Kd6 37. Nf4 g5 38. Nh3 g4 39. fxg4 fxg4 40. Nf2 Rg7 41. Kg2 Ne7 42. Nd3 Nf5 43. Nf4 Ne3+ 0-1

[Event "*** Titled Tuesday Blitz"]
[Site "Chess.com"]
[Date "2021.02.02"]
[Round "3"]
[White "Enriquack"]
[Black "CzechmVIII"]
[Result "1/2-1/2"]
[WhiteElo "2435"]
[BlackElo "2275"]
[TimeControl "180+1"]
[EndTime "10:31:09 PST"]
[Termination "Game drawn by agreement"]

1. e4 c5 2. Nc3 Nc6 3. f4 g6 4.
Nf3 Bg7 5. Bb5 Nd4 6. O-O Nxb5 7. Nxb5 d5 8. e5 a6 9. Na3 Nh6 10. c3 O-O 11. d4 cxd4 12. Nxd4 Bf5 13. Nac2 Bxc2 14.
Qxc2 Qd7 15. Be3 Nf5 16. Nxf5 Qxf5 17. Qxf5 gxf5 18. Bc5 Rfe8 19. g4 fxg4 20. Kg2 e6 21. Kg3 f5 22. exf6 Bxf6 23. Kxg4 Kf7 24. Rae1 Rg8+ 25.
Kf3 Rg6 26. Re2 Be7 27. Bd4 Bd6 28. Ke3 Rag8 29. f5 Rg2 30. fxe6+ Kxe6 31. h3 R8g3+ 32. Rf3 Rxf3+ 33. Kxf3+ Rxe2 34. Kxe2 Kf5 35. Kf3 b5 36. b3 Be7 37. Bf2 Bd6 38. Bd4 Be7 39. Bh8 Bd6 40.
Ke3 Bc5+ 41. Bd4 Bd6 42. a4 Be7 43. axb5 axb5 44. Bb6 Bf6 45. Ba5 Bg7 46. Bb4 Bf6 47. Kf3 Bg7 1/2-1/2

[Event "*** Titled Tuesday Blitz"]
[Site "Chess.com"]
[Date "2021.02.02"]
[Round "3"]
[White "rachidhuilda"]
[Black "jens1102"]
[Result "0-1"]
[WhiteElo "2215"]
[BlackElo "2443"]
[TimeControl "180+1"]
[EndTime "10:31:09 PST"]
[Termination "jens1102 won on time"]

1. d4 d5 2. Nf3 Nf6 3. c4 e6 4. Nc3 c6 5. Bg5 Nbd7 6. e3 h6 7. Bh4 Be7 8. cxd5 exd5 9. Bd3 Nf8 10. Qc2 Ne6 11. O-O O-O 12. Ne5 Bd7 13. Rad1 a5 14. f4 b5 15. Kh1 b4 16. Ne2 Rc8 17. Bxf6 Bxf6 18. Ng3 c5 19. Qf2 Be8 20. Bb1 Qb6 21. Nh5 Bxe5 22. fxe5 Bb5 23. Qf5 g6 24. Nf6+ Kg7 25.
Nh5+ Kg8 26. Qf6 Bxf1 27. Rxf1 Qc7 28. Bxg6 fxg6 29. Qxe6+ Kh7 30. Nf6+ Kg7 31. Qxd5 cxd4 32. exd4 Rcd8 33. Qe4 Qc4 34. Rd1 Qe6 35. h4 Kh8 36.
h5 Rxf6 0-1

[Event "*** Titled Tuesday Blitz"]
[Site "Chess.com"]
[Date "2021.02.02"]
[Round "3"]
[White "Das_Virus_2020"]
[Black "Vandros57"]
[Result "0-1"]
[WhiteElo "2415"]
[BlackElo "2225"]
[TimeControl "180+1"]
[EndTime "10:31:09 PST"]
[Termination "Vandros57 won by checkmate"]

1. e4 c5 2. c3 d5 3. exd5 Qxd5 4.
d4 Nf6 5. Nf3 Nc6 6. Be2 Bg4 7.
Be3 cxd4 8. cxd4 e6 9. Nc3 Qa5 10. O-O Bd6 11. h3 Bxf3 12. Bxf3 O-O 13. Qe2 Rfd8 14.
Rfd1 Rac8 15. a3 h6 16. Rac1 a6 17. d5 Nxd5 18. Nxd5 exd5 19. Bxd5 Be5 20. Qf3 Bf6 21. Qf5 Qc7 22. b4 Qe5 23. Qf3 Qb8 24. Bf4 Ne5 25.
Qg3 Rxc1 26. Bxc1 Qd6 27. Bb3 Qxd1+ 28. Bxd1 Rxd1+ 29. Kh2 Rxc1 30. Qe3 Rc6 31. f4 Ng6 32. Qe8+ Kh7 33. Qxf7 Bh4 34. Qxb7 Rc3 35. g4 Bg3+ 36. Kg2 Nxf4+ 37. Kf1 Rc1# 0-1

[Event "*** Titled Tuesday Blitz"]
[Site "Chess.com"]
[Date "2021.02.02"]
[Round "3"]
[White "nelsoncopa"]
[Black "fabianvivasz"]
[Result "0-1"]
[WhiteElo "1959"]
[BlackElo "2293"]
[TimeControl "180+1"]
[EndTime "10:31:09 PST"]
[Termination "fabianvivasz won on time"]

1. d4 Nf6 2. c4 c5 3. d5 b5 4. e3 Bb7 5. Nc3 b4 6. Nb1 e6 7. dxe6 fxe6 8. Nf3 Be7 9. b3 O-O 10. Bb2 Qe8 11. Be2 Nc6 12. O-O Rd8 13. a4 Qg6 14. Nbd2 d5 15. Qb1 Qh6 16. Ne5 Bd6 17.
Ndf3 Nxe5 18. Bxe5 Ng4 19. Bxd6 Rxd6 20. h3 Nf6 21.
cxd5 exd5 22. Qc1 Ne4 23. Rd1 Rg6 24. Kf1 Bc8 25. Rxd5 Bxh3 26. Ke1 Bxg2 0-1

[Event "*** Titled Tuesday Blitz"]
[Site "Chess.com"]
[Date "2021.02.02"]
[Round "3"]
[White "francyIM"]
[Black "anon219"]
[Result "0-1"]
[WhiteElo "2657"]
[BlackElo "2909"]
[TimeControl "180+1"]
[EndTime "10:31:10 PST"]
[Termination "anon219 won by resignation"]

1. d4 Nf6 2. Nc3 d5 3. Bf4 a6 4. e3 c5 5. dxc5 Nc6 6. Nf3 e6 7. Na4 Bxc5 8. Nxc5 Qa5+ 9. c3 Qxc5 10. Ne5 O-O 11. Bd3 Nd7 12. Nxd7 Bxd7 13. Bg3 e5 14. e4 Be6 15. O-O Rad8 16. Qc2 d4 17.
cxd4 Qxd4 18. Be2 Qd2 19. Bd1 Qxc2 20. Bxc2 Rd2 21. Rfc1 f6 22. b3 Rfd8 23. f3 Nb4 24. Bd1 Nxa2 25. Be1 Nxc1 26. Bxd2 Rxd2 27. Rxc1 a5 28.
Kf1 h5 29. h4 Kh7 30. g4 Kg6 31. Ke1 Rh2 32. gxh5+ Kxh5 33. f4+ Bg4 34. Bxg4+ Kxg4 35. Rc7 Kxf4 36. Rxg7 Ke3 37. Kf1 Rh1+ 38. Kg2 Rxh4 39.
Rxb7 Rxe4 40. Rb5 Rg4+ 41. Kh3 Rb4 42. Rxa5 Rxb3 43. Ra6 f5 44. Ra5 Kf4+ 45. Kh4 e4 46.
Ra1 Rf3 47. Rf1 Rxf1 0-1

[Event "*** Titled Tuesday Blitz"]
[Site "Chess.com"]
[Date "2021.02.02"]
[Round "3"]
[White "Kiborg95"]
[Black "ChristopherYoo"]
[Result "1-0"]
[WhiteElo "2651"]
[BlackElo "2858"]
[TimeControl "180+1"]
[EndTime "10:31:10 PST"]
[Termination "Kiborg95 won on time"]

1. e4 c5 2. Nc3 Nc6 3. Nge2 g6 4.
d4 cxd4 5. Nxd4 Bg7 6. Be3 Nf6 7. Bc4 O-O 8. Bb3 Re8 9. f3 e6 10. Qd2 d5 11. O-O-O Nxd4 12. Bxd4 e5 13. Bf2 d4 14.
Ne2 a5 15. c3 a4 16. Bc2 Be6 17. Kb1 dxc3 18. Qxd8 Rexd8 19. Nxc3 Rdc8 20. a3 Bf8 21. Bh4 Be7 22. Rd3 Bc4 23. Bxf6 Bxf6 24. Rd7 b5 25.
Bd3 Rab8 26. Bxc4 Rxc4 27. Nd5 Kg7 28. Rc1 Rxc1+ 29. Kxc1 Bg5+ 30. Kc2 h5 31. Rc7 h4 32. h3 Kf8 33. Rc5 f5 34. Nc3 Rd8 35. Rd5 Rc8 36.
Rxb5 fxe4 37. fxe4 1-0

[Event "*** Titled Tuesday Blitz"]
[Site "Chess.com"]
[Date "2021.02.02"]
[Round "3"]
[White "Frolyanov_D"]
[Black "DenLaz"]
[Result "0-1"]
[WhiteElo "2612"]
[BlackElo "2840"]
[TimeControl "180+1"]
[EndTime "10:31:10 PST"]
[Termination "DenLaz won by resignation"]

1. d4 d5 2. c4 c6 3. Nf3 Nf6 4. Nc3 dxc4 5. a4 Bf5 6. Ne5 Nbd7 7. Nxc4 Nb6 8. Ne5 a5 9. f3 Nfd7 10. e4 Nxe5 11. exf5 Ned7 12. Bd3 g6 13. O-O Bg7 14. Be3 Nf6 15. Bf2 Nbd5 16. Qb3 Qb6 17. Qxb6 Nxb6 18.
fxg6 hxg6 19. Ne4 Nbd5 20. Rac1 O-O-O 21. Rfe1 e6 22. Nc5 Nd7 23. Nb3 N7b6 24. Nxa5 Nxa4 25. Nc4 Nb4 26. Be4 Bxd4 27. b3 Bxf2+ 28. Kxf2 Nc5 29. Kg3 Ncd3 30. Bxd3 Nxd3 31. Ne5 Nxc1 32. Nxf7 Nxb3 33. Nxh8 Rxh8 34. Rxe6 Rg8 35. h4 Nd4 36. Re4 Nf5+ 37. Kg4 b5 38. h5 Nd6 39. Re6 gxh5+ 0-1

[Event "*** Titled Tuesday Blitz"]
[Site "Chess.com"]
[Date "2021.02.02"]
[Round "3"]
[White "Sofiia_Hryzlova"]
[Black "anon102030"]
[Result "0-1"]
[WhiteElo "2244"]
[BlackElo "2732"]
[TimeControl "180+1"]
[EndTime "10:31:10 PST"]
[Termination "anon102030 won by resignation"]

1. c4 e5 2. g3 Nc6 3. Bg2 g6 4. Nc3 Bg7 5. e3 d6 6. Nge2 Be6 7. d3 h6 8. a3 Nge7 9. b4 d5 10. b5 Na5 11. Qa4 b6 12. c5 Nb7 13. c6 Nc5 14. Qc2 d4 15. exd4 exd4 16. Ne4 Bd5 17.
f3 Nb3 18. Rb1 Nxc1 19. Qxc1 O-O 20. O-O Re8 21. Nf4 f5 22. Nd2 Bf7 23. Nc4 g5 24.
Nh3 Nd5 25. Re1 Nc3 26. Rb2 Qf6 27. Bf1 Rxe1 28. Qxe1 a6 29. bxa6 Rxa6 30. f4 b5 31.
fxg5 hxg5 32. Nd2 Rxc6 33. Nb3 Re6 34. Na5 Rxe1 0-1

[Event "*** Titled Tuesday Blitz"]
[Site "Chess.com"]
[Date "2021.02.02"]
[Round "3"]
[White "horripile"]
[Black "SanQui14"]
[Result "1-0"]
[WhiteElo "2705"]
[BlackElo "2433"]
[TimeControl "180+1"]
[EndTime "10:31:11 PST"]
[Termination "horripile won on time"]

1. e4 c5 2. Nf3 g6 3. d4 cxd4 4. Nxd4 Nc6 5. c4 Nf6 6. Nc3 Nxd4 7. Qxd4 d6 8. Bg5 Bg7 9. Qd2 O-O 10. Be2 Qa5 11.
O-O Be6 12. Rac1 Rfc8 13. b3 a6 14. f3 b5 15. Nd5 Qxd2 16. Bxd2 Bxd5 17. cxd5 Nd7 18.
Kf2 Bb2 19. Rxc8+ Rxc8 20. Bd3 Bd4+ 21. Ke2 Ne5 22. Bb1 Bb2 23. f4 Nd7 24. Rf3 Nc5 25. h4 Ra8 26. h5 a5 27. Be3 a4 28. b4 Na6 29. Bd2 Rc8 30. Kd1 Rc4 31. a3 Rc8 32. h6 Rb8 33. Bc1 Bh8 34. Bd3 Nc7 35. Rf2 e6 36. Rc2 Rb7 37. Rxc7 Rxc7 38. Bxb5 exd5 39. exd5 Ra7 40. Be3 Ra8 41. Bc6 Rb8 42. Bc1 Rc8 43. Bxa4 Kf8 44. Bc2 Bc3 45. b5 1-0

[Event "*** Titled Tuesday Blitz"]
[Site "Chess.com"]
[Date "2021.02.02"]
[Round "3"]
[White "DinaBelenkaya"]
[Black "chessasuke"]
[Result "0-1"]
[WhiteElo "2391"]
[BlackElo "2589"]
[TimeControl "180+1"]
[EndTime "10:31:11 PST"]
[Termination "chessasuke won by resignation"]

1. e4 c5 2. Nc3 a6 3. g3 b5 4. Bg2 Bb7 5. Nge2 e6 6. d4 cxd4 7. Nxd4 Nc6 8. O-O Nxd4 9. Qxd4 Ne7 10. Rd1 Nc6 11. Qd2 Qc7 12. a4 bxa4 13. Nd5 Qd8 14. Rxa4 Ne5 15. Qc3 Bd6 16. f4 Ng6 17. Qxg7 exd5 18.
exd5 Qb6+ 19. Kh1 O-O-O 20. Qc3+ Kb8 21. Be3 Qb5 22. Rc4 Rhe8 23. b3 Rc8 24. Qd4 Rxe3 25. Qxe3 Rxc4 26. bxc4 Qxc4 27. Qd3 Qxd3 28. Rxd3 a5 29.
h4 a4 30. Be4 h5 31. f5 Ne5 32.
Re3 a3 33. Re1 Ng4 34. Kg2 Be5 35. c3 Bxc3 36. Re2 Bb2 37. d6 Bxe4+ 38. Rxe4 a2 39. Rb4+ Kc8 40. Rc4+ Kb7 41. Rb4+ Kc6 42. Rxb2 a1=Q 43. Rc2+ Kxd6 44. Rd2+ Ke5 45. Re2+ Kf6 0-1

[Event "*** Titled Tuesday Blitz"]
[Site "Chess.com"]
[Date "2021.02.02"]
[Round "3"]
[White "Korchmar_Vasiliy"]
[Black "Trickov"]
[Result "1/2-1/2"]
[WhiteElo "2565"]
[BlackElo "2390"]
[TimeControl "180+1"]
[EndTime "10:31:11 PST"]
[Termination "Game drawn by repetition"]

1. e4 c5 2. Nf3 d6 3. d4 Nf6 4.
Nc3 cxd4 5. Nxd4 a6 6. Be2 e5 7. Nb3 Be7 8. Bg5 Nbd7 9. Qd2 h6 10. Be3 b5 11. a3 Bb7 12. f3 Rc8 13. g4 Nb6 14. Na5 Ba8 15. h4 d5 16. Bxb6 Qxb6 17. Nxd5 Nxd5 18. exd5 Bxd5 19. Qxd5 Qxa5+ 20. b4 Qc7 21.
Bd3 Qc3+ 22. Ke2 Bxh4 23. Rxh4 Qxa1 24. g5 Qc3 25. g6 O-O 26. gxf7+ Rxf7 27. Bg6 Rf8 28.
Bxf7+ Rxf7 29. Rh5 Qxc2+ 30. Ke3 Qc1+ 31. Ke2 Qc2+ 32.
Ke3 Qc3+ 33. Kf2 Qc2+ 34. Ke3 1/2-1/2

[Event "*** Titled Tuesday Blitz"]
[Site "Chess.com"]
[Date "2021.02.02"]
[Round "3"]
[White "BahadirOzen"]
[Black "verdest"]
[Result "1-0"]
[WhiteElo "2737"]
[BlackElo "2503"]
[TimeControl "180+1"]
[EndTime "10:31:12 PST"]
[Termination "BahadirOzen won by resignation"]

1. g3 Nf6 2. Bg2 d5 3. d3 c6 4. Nd2 e5 5. e4 Bd6 6. Ngf3 O-O 7. O-O Re8 8. Re1 Nbd7 9. b3 a5 10. a3 d4 11. Bb2 Qc7 12. c3 dxc3 13. Bxc3 Nc5 14. Qc2 Bg4 15. h3 Bxf3 16. Nxf3 a4 17. b4 Nb3 18. Rad1 Rad8 19. d4 exd4 20. Nxd4 Nxd4 21.
Bxd4 Be5 22. Be3 Bd6 23. f4 Bf8 24. e5 Nd7 25. Qxa4 Ra8 26. Qb3 Nb6 27. Kh2 h5 28. h4 Nc8 29. Bh3 Ne7 30. Rd7 Qb8 31. e6 f5 32. Bd4 g6 33. Bg2 Bg7 34. Bxg7 Kxg7 35. Qc3+ Kg8 36. Qf6 Rxa3 37. Rxe7 Rxe7 38. Qxe7 1-0

[Event "*** Titled Tuesday Blitz"]
[Site "Chess.com"]
[Date "2021.02.02"]
[Round "3"]
[White "GigaQuparadze"]
[Black "Ave_Mariia"]
[Result "1-0"]
[WhiteElo "2988"]
[BlackElo "2471"]
[TimeControl "180+1"]
[EndTime "10:31:12 PST"]
[Termination "GigaQuparadze won by resignation"]

1. e4 c5 2. Nf3 d6 3. d4 cxd4 4. Nxd4 Nf6 5. Nc3 g6 6. g3 Nc6 7. Bg2 Nxd4 8. Qxd4 Bg7 9. Qd3 O-O 10. O-O Be6 11.
Nd5 Nxd5 12. exd5 Bf5 13. Qe2 Rc8 14. c3 Re8 15. Re1 Qa5 16. Be3 b5 17. a3 Qa4 18.
Rad1 Bg4 19. Bf3 Bxf3 20. Qxf3 Qb3 21. Qe2 a5 22. Bd4 b4 23. axb4 axb4 24. Bxg7 Kxg7 25. cxb4 Qxb4 26. Rd2 e6 27. Red1 exd5 28. Qf3 Re1+ 29.
Kg2 Rxd1 30. Qxd1 Rc5 31. b3 Qe4+ 32. Kg1 Qe5 33. Rd3 Qb2 34. Kg2 Rc1 35. Qf3 d4 36. Qf4 Qb1 37. Qxd4+ Kg8 38. Qxd6 Rg1+ 39. Kf3 Rf1 40.
Qd8+ Kg7 41. Qd4+ Kg8 42. Qc3 Rd1 43. Rxd1 Qxd1+ 44. Kg2 Qd5+ 45. Qf3 Qb5 46. h4 h5 47. Qd1 Kg7 48. Qb1 Qb4 49. Qb2+ Kh7 50. Qc2 Qb7+ 51. Kg1 Qb4 52. Qc4 Qe1+ 53. Kg2 Kg7 54. b4 Qe7 55. b5 g5 56. hxg5 Qxg5 57. b6 1-0

[Event "*** Titled Tuesday Blitz"]
[Site "Chess.com"]
[Date "2021.02.02"]
[Round "3"]
[White "QuintilianoR"]
[Black "PelinGorki"]
[Result "0-1"]
[WhiteElo "2700"]
[BlackElo "2453"]
[TimeControl "180+1"]
[EndTime "10:31:12 PST"]
[Termination "PelinGorki won on time"]

1. d4 Nf6 2. c4 e5 3. dxe5 Ng4 4. Bf4 Nc6 5. Nf3 Bb4+ 6. Nc3 Qe7 7. Qd5 f6 8. exf6 Bxc3+ 9. bxc3 Nxf6 10. Qd3 d6 11. e3 O-O 12. Be2 Ne4 13. Nd4 Kh8 14. O-O Nc5 15. Qc2 Ne5 16. a4 Bd7 17. a5 a6 18. Bg3 Rf7 19. Rfd1 Raf8 20. Qb1 Qf6 21.
Rd2 Ng4 22. Bf3 c6 23. Bxg4 Bxg4 24. Nb3 Bf5 25. Qd1 Ne4 26. Bxd6 Nxd2 27. Qxd2 Rd8 28. c5 Be6 29. Nd4 Bd5 30. Rb1 Rdd7 0-1

[Event "*** Titled Tuesday Blitz"]
[Site "Chess.com"]
[Date "2021.02.02"]
[Round "3"]
[White "MumLookatMeNow"]
[Black "Ariadna_Atreides"]
[Result "1-0"]
[WhiteElo "2484"]
[BlackElo "2167"]
[TimeControl "180+1"]
[EndTime "10:31:12 PST"]
[Termination "MumLookatMeNow won on time"]

1. e4 c5 2. d4 cxd4 3. c3 d3 4.
Bxd3 Nc6 5. c4 g6 6. Nf3 Bg7 7.
O-O d6 8. h3 Nf6 9. Nc3 O-O 10.
Be3 Nd7 11. Rc1 Nde5 12. Be2 Nxf3+ 13. Bxf3 Be6 14. Be2 Rc8 15. Qd2 Re8 16. b3 a6 17.
f4 Qa5 18. Kh1 Nb8 19. Nd5 Qxd2 20. Bxd2 Bxd5 21. cxd5 Nd7 22. Bg4 Rxc1 23. Rxc1 Nc5 24. Bf3 e6 25. b4 Nd3 26. Rc7 exd5 27. exd5 Bh6 28. g3 Nf2+ 29. Kg2 Ne4 30. Bxe4 Rxe4 31.
Kf3 Rd4 32. Ke3 Rxd5 33. Rxb7 Rb5 34. Rxb5 axb5 35. Kd4 Bf8 36. Kd5 f5 37. Kc6 Kf7 38. Kxb5 d5 39. Kc6 1-0

[Event "*** Titled Tuesday Blitz"]
[Site "Chess.com"]
[Date "2021.02.02"]
[Round "3"]
[White "KyronGriffith"]
[Black "davigator"]
[Result "1-0"]
[WhiteElo "2520"]
[BlackElo "2319"]
[TimeControl "180+1"]
[EndTime "10:31:13 PST"]
[Termination "KyronGriffith won by resignation"]

1. e4 c5 2. Nf3 Nc6 3. b3 Nf6 4.
Nc3 g6 5. Bb2 Bg7 6. g3 O-O 7.
Bg2 d6 8. O-O Bg4 9. h3 Bd7 10.
Re1 Ne8 11. d3 Nc7 12. Qc1 Rc8 13. Nd5 Bxb2 14. Qxb2 Be6 15. Nf4 Bd7 16. c3 b5 17.
d4 c4 18. b4 Rb8 19. a3 e5 20. dxe5 Nxe5 21. Rad1 Qe7 22. Nxe5 dxe5 23. Nd5 Nxd5 24. exd5 Qd6 25. Qe2 f6 26. Qe3 a5 27. Kh2 axb4 28.
axb4 Ra8 29. Qc5 Ra6 30. Ra1 Rb6 31. Ra7 Rd8 32. Rea1 Kf7 33. Rc7 Ke8 34. Raa7 Ra6 35. Rxd7 Rxd7 36. Qc8+ Ke7 37. Rxd7+ Qxd7 38. Qxa6 Kf7 39.
Qe6+ Qxe6 40. dxe6+ Kxe6 41. Bc6 Kd6 42. Bxb5 Kd5 43. Kg2 f5 44. Kf3 g5 45. Bd7 e4+ 46. Ke3 Ke5 47. Bxf5 Kxf5 48. b5 Ke5 49. b6 Kd6 50.
Kxe4 Kc6 51. Kd4 Kxb6 52. Kxc4 Kc6 53. Kd4 Kd6 54. Ke4 Ke6 55. c4 h5 56. c5 h4 57. g4 1-0